 Dungeon Crawl Stone Soup version 0.24.0-37-gcf1ca852f1 (webtiles) character file.

Game seed: 12068082207904231935, levelgen mode: deterministic

39175 Emblim88 the Markscentaur (level 13, -2/114 HPs)
             Began as a Centaur Hunter on Dec 5, 2019.
             Was an Initiate of Gozag.
             Killed from afar by a frost giant (4 damage)
             ... with a bolt of cold
             ... in an ice cave.
             The game lasted 01:34:06 (27669 turns).

Emblim88 the Markscentaur (Centaur Hunter)         Turns: 27669, Time: 01:34:07

Health: -2/114     AC: 28    Str: 17    XL:     13   Next: 67%
Magic:  18/18      EV: 15    Int:  7    God:    Gozag
Gold:   563        SH:  0    Dex: 29    Spells: 2/12 levels left

rFire    . . .     SeeInvis .   l - +6 falchion "Angoostra" {slice, rElec Str-3 Dex+7}
rCold    + + .     Gourm    .   (no shield)
rNeg     + + .     Faith    .   U - +8 chain mail of Zarroubb {rC+ rN++ Int-3 Dex+2}
rPois    .         Spirit   .   T - +2 hat of Sunlight {rC+ Stlth+}
rElec    +         Reflect  .   S - +2 cloak {MR+}
rCorr    .         Harm     .   e - +2 pair of gloves
MR       ++...                  (no barding)
Stlth    +.........             (no amulet)
HPRegen  0.29/turn              x - +5 ring of protection
MPRegen  0.16/turn              d - ring of protection from magic

@: mighty, agile, gold aura, very slightly contaminated, very slow
A: large, hooves 3, deformed body, speed 2, tough skin 3
a: Potion Petition, Call Merchant, Bribe Branch, Renounce Religion


You were in an ice cave.
You worshipped Gozag.
Gozag was pleased with you.
You were not hungry.

You visited 3 branches of the dungeon, and saw 16 of its levels.
You also visited: Ice Cave.

You collected 4156 gold pieces.
You spent 2099 gold pieces at shops.
You paid 1494 gold pieces to Gozag.

Inventory:

Hand Weapons
 k - a +0 longbow
 l - the +6 falchion "Angoostra" (weapon) {slice, rElec Str-3 Dex+7}
   (You found it on level 14 of the Dungeon)

   It inflicts extra damage upon your enemies.
   It affects your strength (-3).
   It affects your dexterity (+7).
   It insulates you from electricity.
Missiles
 g - 113 sling bullets
 o - 411 arrows
Armour
 e - a +2 pair of gloves (worn)
 S - a +2 cloak of magic resistance (worn)
 T - the +2 hat of Sunlight (worn) {rC+ Stlth+}
   (You bought it in a shop on level 11 of the Dungeon)

   It protects you from cold.
   It makes you more stealthy.
 U - the +8 chain mail of Zarroubb (worn) {rC+ rN++ Int-3 Dex+2}
   (You bought it in a shop on level 11 of the Dungeon)

   It affects your intelligence (-3).
   It affects your dexterity (+2).
   It protects you from cold.
   It greatly protects you from negative energy.
Magical Staves
 L - an uncursed staff of wizardry {unknown}
Jewellery
 d - a ring of protection from magic (right hand)
 s - an uncursed ring of ice {unknown}
 x - a +5 ring of protection (left hand)
 C - a +3 ring of intelligence {unknown}
Wands
 i - a wand of paralysis (11)
 D - a wand of enslavement (6)
 E - a wand of polymorph (4)
 I - a wand of digging (5)
 K - a wand of random effects (43)
 N - a wand of flame (24)
 P - a wand of acid (8)
Scrolls
 a - a scroll of acquirement {unknown}
 c - 7 scrolls of identify
 n - a scroll of fear
 q - 2 scrolls of fog
 v - a scroll of noise
 w - 6 scrolls of remove curse
 y - 6 scrolls of amnesia
 F - 5 scrolls of teleportation
 G - a scroll of holy word
 H - 4 scrolls of enchant armour
Potions
 b - 5 potions of lignification
 h - 2 potions of mutation
 j - 2 potions of cancellation
 m - 2 potions of flight
 p - 4 potions of curing
 r - a potion of ambrosia
 t - 3 potions of brilliance
 u - 2 potions of resistance
 A - a potion of agility
 B - a potion of degeneration {unknown}
Comestibles
 f - 5 rations


   Skills:
 + Level 10.7 Fighting
 * Level 17.7 Bows
 + Level 8.3 Dodging
 - Level 0.4 Stealth
 - Level 4.8 Conjurations
 - Level 2.1 Translocations
 - Level 4.8 Air Magic
 - Level 4.3 Poison Magic
 + Level 7.2 Evocations


You had 2 spell levels left.
You knew the following spells:

 Your Spells              Type           Power        Failure   Level  Hunger
a - Mephitic Cloud        Conj/Pois/Air  #.......     98%         3    ####...
b - Slow                  Hex            #.......     100%        2    ###....
c - Blink                 Tloc           N/A          99%         2    ###....
d - Conjure Flame         Conj/Fire      #.......     100%        3    ####...

Your spell library contained the following spells:

 Spells                   Type           Power        Failure   Level  Hunger
 Magic Dart               Conj           #...         75%         1    ##.....
 Flame Tongue             Conj/Fire      #....        97%         1    ##.....
 Throw Flame              Conj/Fire      #.....       99%         2    ###....
 Call Imp                 Summ           #.......     100%        2    ###....
 Inner Flame              Hex/Fire       #.......     100%        3    ####...
 Sticky Flame             Conj/Fire      #.......     100%        4    #####..
 Fireball                 Conj/Fire      #.........   100%        5    ######.


Dungeon Overview and Level Annotations

Branches:
Dungeon (14/15)            Temple (1/1) D:4            Lair (1/6) D:9
    Orc (0/2) D:12         Vaults (0/5) D:14          IceCv (1/1)

Altars:
Ashenzari
Cheibriados
Dithmenos
Fedhas
Gozag
Hepliaklqana
Kikubaaqudgha
Makhleb
Nemelex Xobeh
Okawaru
Qazlal
Ru
Sif Muna
Trog
Uskayaw
Vehumet
Wu Jian
Xom
Yredelemnul
Zin
The Shining One

Shops:
D:4 !   D:7 !   D:11 [   D:14 %*

Annotations:
D:8 1 runed translucent door, Emblim88's ghost, novice DDFi
D:12 1 runed translucent door, Soedd's ghost, journeyman DgAr


Innate Abilities, Weirdness & Mutations

You have hooves in place of feet.
Armour fits poorly on your strangely shaped body.
You cover ground very quickly.
You have extremely tough skin. (AC +3)


Message History

The frost giant hits you with a +1 battleaxe of freezing!!
* * * LOW HITPOINT WARNING * * *
The frost giant freezes you.
* * * LOW HITPOINT WARNING * * *
Blink to where?
Press: ? - help, Dir - move target cursor You are very lightly contaminated with residual magic.
As you read the scroll of blinking, it crumbles to dust.
As you read the scroll of fog, it crumbles to dust.
The scroll dissolves into smoke.
You enter the shallow water.
Moving in this stuff is going to be slow.
The frost giant points at you and mumbles some strange words.
The bolt of cold hits you! You resist.
* * * LOW HITPOINT WARNING * * *
The frost giant is engulfed in freezing vapours. x2
The frost giant gestures at you while chanting.
The bolt of cold hits you. You resist.
You die...
Your body crumbles into a pile of gold.

## ####### $
#######§ ≈≈≈≈≈≈≈##
$#..#§§§#
#≈≈≈####### #§§###
###≈≈≈#C○°#####§§#
##≈°°°#≈..##§§##
####°°#○≈○##..C###
##.≈@####≈≈≈#####
###### #..###
≈≈≈≈#≈≈# ##....###
##..###≈≈≈≈≈≈≈≈≈≈
...##...###
##..####≈≈≈≈≈≈≈≈
.#.####...##
#..### ##≈≈#≈#≈≈
###.####...#
##...## ##≈≈≈≈≈#
##.###...###
###..# ≈≈##≈
.####..### #...##
## #....## ###..##


You could see a frost giant.

Vanquished Creatures
  Gastronok (D:8)
  8 vault guards (D:14)
  4 centaur warriors
  A hydra (D:12)
  Erica (D:8)
  3 death yaks (D:9)
  Pikel (D:4)
  A necromancer (D:14)
  8 ugly things
  3 cyclopes
  Maurice (D:10)
  A kobold demonologist (D:11)
  A redback zombie (D:13)
  2 ice devils (Lair:1)
  2 rime drakes (IceCv)
  A freezing wraith (D:14)
  A troll (D:12)
  Grinder (D:6)
  10 polar bears (IceCv)
  4 slime creatures (D:12)
  A hippogriff (Lair:1)
  A shadow (D:10)
  25 yaks
  A yak (shapeshifter) (D:14)
  A human (D:8)
  A basilisk (D:14)
  A hungry ghost (D:13)
  Grum (D:8)
  A steam dragon (D:14)
  A slave (D:3)
  7 orc warriors
  A porcupine (D:9)
  An ice beast (D:11)
  3 phantoms
  5 sky beasts
  2 black bears
  An eye of draining (D:13)
  2 necrophages
  5 ogres
  16 wolves
  26 centaurs
  A crocodile (Lair:1)
  3 big kobolds
  11 bullfrogs
  A wyvern zombie (D:11)
  4 scorpions
  9 killer bees (D:12)
  3 wights (D:11)
  5 centaur zombies
  8 crimson imps
  4 hounds
  A quasit (D:12)
  6 orc priests
  3 bullfrog skeletons
  5 jellies
  2 centaur skeletons
  2 gnoll shamans
  4 iguanas
  8 worker ants
  Ijyb (D:4)
  14 orc wizards
  3 polar bear simulacra (D:14)
  2 wolf simulacra (D:14)
  3 killer bee zombies
  A yak simulacrum (D:14)
  3 hound skeletons
  A worker ant zombie (D:7)
  9 gnolls
  10 adders
  A river rat (D:9)
  2 shadow imps
  An ooze (D:4)
  An adder skeleton (D:5)
  A worm (D:5)
  7 dart slugs
  4 leopard geckos
  49 orcs
  7 bats
  3 giant cockroaches
  10 goblins
  13 hobgoblins
  7 jackals
  20 kobolds
  5 quokkas
  4 ball pythons
  3 frilled lizards
  A jackal skeleton (D:9)
  A leopard gecko skeleton (D:6)
  2 quokka skeletons
  9 rats
  5 river rat simulacra (D:14)
441 creatures vanquished.

Vanquished Creatures (collateral kills)
  A porcupine (D:9)
1 creature vanquished.

Vanquished Creatures (others)
  A wizard (D:10)
  3 wolves (IceCv)
  A goblin (D:3)
  A fungus (D:8)
  5 plants (D:8)
  2 withered plants (D:12)
13 creatures vanquished.

Grand Total: 455 creatures vanquished

Notes
Turn   | Place    | Note
-------+----------+-------------------------------------------
     0 | D:1      | Emblim88 the Centaur Hunter began the quest for the Orb.
     0 | D:1      | Reached XP level 1. HP: 17/17 MP: 1/1
   239 | D:1      | Reached XP level 2. HP: 24/24 MP: 2/2
   719 | D:2      | Reached XP level 3. HP: 30/30 MP: 3/3
   808 | D:2      | Found a snail-covered altar of Cheibriados.
   954 | D:2      | Found an ornate altar of the Wu Jian Council.
  1131 | D:3      | Reached skill level 6 in Bows
  1147 | D:3      | Reached XP level 4. HP: 38/38 MP: 4/4
  1313 | D:3      | Found a radiant altar of Vehumet.
  1649 | D:4      | Noticed a slave
  1651 | D:4      | Noticed a slave
  1985 | D:4      | Found Qupiejok's Distillery.
  1991 | D:4      | Noticed a phantom
  1991 | D:4      | Noticed an orc warrior
  2153 | D:3      | Killed a slave
  2340 | D:4      | Reached XP level 5. HP: 41/45 MP: 5/5
  2698 | D:3      | Killed an orc warrior
  2698 | D:3      | Reached skill level 7 in Bows
  2698 | D:3      | Reached XP level 6. HP: 11/52 MP: 6/6
  3396 | D:4      | Reached XP level 7. HP: 60/60 MP: 7/7
  3454 | D:4      | Found a staircase to the Ecumenical Temple.
  3454 | D:4      | Noticed Ijyb
  3512 | D:4      | Killed Ijyb
  3613 | D:4      | Got a transparent leather armour
  3620 | Temple   | Entered the Ecumenical Temple
  3836 | Temple   | Became a worshipper of Gozag Ym Sagoz the Greedy
  3885 | D:4      | Identified the +2 leather armour of Okoijiwu {Int+5} (You
                  | found it on level 4 of the Dungeon)
  3917 | D:4      | Noticed Pikel
  4435 | D:4      | Killed Pikel
  4435 | D:4      | Reached skill level 5 in Fighting
  4435 | D:4      | Reached skill level 9 in Bows
  4435 | D:4      | Reached skill level 1 in Evocations
  4435 | D:4      | Reached XP level 8. HP: 18/68 MP: 7/9
  4904 | D:5      | Entered Level 5 of the Dungeon
  4958 | D:5      | Found a sparkling altar of Nemelex Xobeh.
  5046 | D:5      | Found an iron altar of Okawaru.
  6039 | D:6      | Found a basalt altar of Yredelemnul.
  6050 | D:6      | Noticed Grinder
  6061 | D:6      | Killed Grinder
  6061 | D:6      | Reached skill level 10 in Bows
  6250 | D:6      | Found an ancient bone altar of Kikubaaqudgha.
  6266 | D:6      | Found a shadowy altar of Dithmenos.
  7065 | D:7      | Reached XP level 9. HP: 71/75 MP: 11/11
  7445 | D:7      | Reached skill level 11 in Bows
  8108 | D:7      | Reached skill level 5 in Dodging
  8189 | D:7      | Found Yraophul's Distillery.
  8203 | D:7      | Found a sparkling altar of Nemelex Xobeh.
  8978 | D:8      | Learned a level 3 spell: Mephitic Cloud
  8984 | D:8      | Found a runed translucent door.
  9294 | D:8      | Learned a level 2 spell: Slow
  9387 | D:8      | Reached skill level 12 in Bows
  9395 | D:8      | Reached skill level 1 in Conjurations
  9395 | D:8      | Reached skill level 1 in Air Magic
  9460 | D:8      | Noticed Grum
  9574 | D:8      | Reached skill level 1 in Poison Magic
  9648 | D:8      | Killed Grum
 10171 | D:8      | Noticed Gastronok
 10177 | D:8      | Noticed Erica
 10216 | D:7      | Reached XP level 10. HP: 69/86 MP: 13/13
 10361 | D:8      | Noticed Emblim88's ghost (novice DDFi)
 10361 | D:8      | Identified the +7 spear of Yvepp {protect, rF+ Dex+5 SInv}
 10754 | D:8      | Killed Erica
 10865 | D:8      | Killed Gastronok
 10865 | D:8      | Reached skill level 13 in Bows
 11125 | D:8      | Found a hazy altar of Hepliaklqana.
 11225 | D:8      | You fall into a shaft and drop 1 floor!
 11623 | D:9      | Found a sacrificial altar of Ru.
 11673 | D:9      | Found a staircase to the Lair.
 11678 | D:9      | Noticed a death yak
 11979 | D:9      | Noticed a death yak
 11979 | D:9      | Noticed a death yak
 12412 | D:9      | Found a burning altar of Makhleb.
 12538 | D:9      | Killed a death yak
 12538 | D:9      | Reached XP level 11. HP: 58/94 MP: 11/14
 12561 | D:9      | Killed a death yak
 12907 | D:9      | Killed a death yak
 13358 | D:9      | Found a glowing golden altar of the Shining One.
 13438 | D:10     | Entered Level 10 of the Dungeon
 14042 | D:10     | Learned a level 2 spell: Blink
 14332 | D:10     | Reached skill level 14 in Bows
 14365 | D:10     | Noticed Maurice
 14446 | D:10     | Killed Maurice
 14737 | D:10     | Found a bloodstained altar of Trog.
 14738 | D:10     | Noticed a wizard
 14744 | D:10     | Killed a wizard
 15069 | D:11     | Reached skill level 1 in Translocations
 17457 | D:11     | Learned a level 3 spell: Conjure Flame
 17476 | D:11     | Bought a +2 cloak of magic resistance for 258 gold pieces
 17476 | D:11     | Bought the +2 hat of Sunlight {rC+ Stlth+} for 369 gold
                  | pieces
 17476 | D:11     | Bought the +8 chain mail of Zarroubb {rC+ rN++ Int-3 Dex+2}
                  | for 802 gold pieces
 17737 | D:9      | Got a shimmering robe
 17748 | D:9      | Identified the +2 robe of Zoevetotirr {+Fly Str-2 Dex+6}
                  | (You found it on level 9 of the Dungeon)
 17978 | D:12     | Noticed a cyan ugly thing
 17991 | D:12     | Killed a cyan ugly thing
 18085 | D:12     | Found an iron altar of Okawaru.
 18481 | D:12     | Reached XP level 12. HP: 87/103 MP: 15/15
 18919 | D:12     | Reached skill level 15 in Bows
 18926 | D:12     | Found a runed translucent door.
 18926 | D:12     | Noticed Soedd's ghost (journeyman DgAr)
 19191 | D:12     | Found a staircase to the Orcish Mines.
 19313 | D:13     | Noticed a centaur warrior
 19320 | D:13     | Noticed a centaur warrior
 19321 | D:13     | Noticed a seven-headed hydra
 19334 | D:12     | Killed a centaur warrior
 19628 | D:13     | Noticed a centaur warrior
 19638 | D:12     | Killed a centaur warrior
 19862 | D:12     | Killed a centaur warrior
 19862 | D:12     | Reached skill level 5 in Evocations
 21251 | D:12     | Killed a seven-headed hydra
 21818 | D:7      | Bought a potion of curing for 36 gold pieces
 21818 | D:7      | Bought a potion of might for 48 gold pieces
 21818 | D:7      | Bought a potion of curing for 36 gold pieces
 21818 | D:7      | Bought a potion of agility for 48 gold pieces
 21818 | D:7      | Bought a potion of flight for 36 gold pieces
 21818 | D:7      | Bought a potion of curing for 36 gold pieces
 21818 | D:7      | Bought a potion of mutation for 96 gold pieces
 21818 | D:7      | Bought a potion of agility for 48 gold pieces
 21818 | D:7      | Bought a potion of curing for 36 gold pieces
 22355 | D:13     | Reached skill level 16 in Bows
 22534 | D:14     | Got an ivory falchion
 22535 | D:14     | Identified the +6 falchion "Angoostra" {slice, rElec Str-3
                  | Dex+7} (You found it on level 14 of the Dungeon)
 22972 | D:14     | Noticed a centaur warrior
 23366 | D:14     | Killed a centaur warrior
 23703 | D:14     | Noticed a vault guard
 23703 | D:14     | Noticed a vault guard
 23703 | D:14     | Noticed a vault guard
 23705 | D:14     | Noticed a vault guard
 23706 | D:14     | Noticed a vault guard
 23724 | D:14     | Killed a vault guard
 23730 | D:14     | Found Xukk's Assorted Antiques.
 23810 | D:14     | Noticed a vault guard
 23876 | D:14     | Killed a vault guard
 24141 | D:14     | Reached skill level 10 in Fighting
 24230 | D:14     | Reached XP level 13. HP: 22/113 MP: 17/17
 25261 | D:14     | Reached skill level 17 in Bows
 25998 | D:14     | Bought a ration for 50 gold pieces
 25998 | D:14     | Bought a ration for 50 gold pieces
 25998 | D:14     | Bought a ration for 50 gold pieces
 26050 | D:14     | Found a gate to the Vaults.
 26478 | D:14     | Bought a ration for 50 gold pieces
 26478 | D:14     | Bought a ration for 50 gold pieces
 26623 | Lair:1   | Entered Level 1 of the Lair of Beasts
 26780 | Lair:1   | Found a frozen archway.
 26794 | IceCv    | Entered an ice cave
 27632 | IceCv    | Noticed a frost giant
 27668 | IceCv    | HP: 2/114 [frost giant/bolt of cold (11)]
 27669 | IceCv    | Killed from afar by a frost giant

Levels and vault maps discovered:
D:1:      dpeg_arrival_connections, layout_loops_ring,
          ebering_dispersal_statue_hall, minmay_box_of_dots
D:2:      layout_rooms, overflow_temple_1_default, serial_curves,
          eino_curves_03, eino_curves_04, lemuel_tele_altar
D:3:      layout_rooms, fiery_altar_vehumet, nicolae_overflow_hidden_temple
D:4:      layout_rooms, minmay_temple_entry_waves, serial_curves,
          eino_curves_03, eino_curves_01, serial_shops, shop, st_stairs_8,
          minmay_pentangle, uniq_ijyb, uniq_pikel
D:5:      layout_loops_ring, basic_altar, first_ration, serial_park_tiny_1,
          okawaru_trees_2
D:6:      layout_layer_cave, grunt_dithmenos_shadows, old_standard_altar,
          old_standard_altar, uniq_grinder
D:7:      corexii_shack_village, layout_basic, lemuel_crystal_altar,
          serial_shops, nicolae_shop_waterfront
D:8:      layout_basic, basic_altar, ebering_ghost_funeral_grove,
          grunt_pizzeria, nicolae_wwwww, uniq_gastronok, uniq_grum, uniq_erica
D:9:      layout_loops_ring, hangedman_ru_absence, tso_oasis_becter,
          dpeg_lair_monsters, nrook_loot_triangle, bloody_makhleb
D:10:     layout_big_octagon, trog_wizard, uniq_maurice
D:11:     layout_loops_ring, gauntlet_entry_generic
D:12:     layout_basic, david_orc_2, basic_altar, gammafunk_ghost_grave,
          hangedman_decor_points
D:13:     layout_rooms
D:14:     layout_roguey, erik_vaults_2, serial_shops,
          nicolae_shop_window_shopping, serial_bayou_pond_e,
          eino_house_with_fridge
Temple:   nicolae_temple_figure_eight
Lair:1:   layout_gridlike, portal_ice_cave_demonic_guard, lemuel_fruit_tree
IceCv:    ice_cave_caverns_03

Skill      XL: |  1  2  3  4  5  6  7  8  9 10 11 12 13 |
---------------+----------------------------------------+-----
Dodging        | 2 3 4 5 6 7 8 |  8.3
Bows           | 6 7 9 10 12 13 14 16 17 | 17.7
Fighting       | 3 4 5 6 7 8 10 | 10.7
Evocations     | 1 3 4 6 7 |  7.2
Conjurations   | 1 3 4 |  4.8
Air Magic      | 1 3 4 |  4.8
Poison Magic   | 1 3 4 |  4.3
Translocations | 2 |  2.1
Stealth        | |  0.4

Action                   |  1- 3 |  4- 6 |  7- 9 | 10-12 | 13-15 || total
-------------------------+-------+-------+-------+-------+-------++-------
Melee: Short sword       |     2 |    28 |   271 |   354 |       ||   655
       Kick              |     2 |     7 |    68 |   141 |     9 ||   227
       Falchion          |       |       |       |    31 |    13 ||    44
 Fire: Shortbow          |    96 |   202 |   351 |   675 |       ||  1324
       Longbow           |       |       |       |   257 |   438 ||   695
Throw: Dart              |       |       |       |    24 |       ||    24
 Cast: Mephitic Cloud    |       |       |       |    10 |       ||    10
Invok: Call Merchant     |       |       |       |     1 |     1 ||     2
Evoke: Wand              |       |       |     7 |    17 |     1 ||    25
  Use: Potion            |       |       |     8 |     9 |     2 ||    19
       Scroll            |       |       |    14 |     9 |     2 ||    25
  Eat: Ration            |       |     2 |     5 |    12 |     3 ||    22
Armor: Leather armour    |    13 |       |   171 |   137 |       ||   321
       Scale mail        |     4 |    40 |     4 |       |       ||    48
       Chain mail        |       |       |       |   453 |   257 ||   710
Dodge: Dodged            |    11 |    40 |   196 |   321 |   101 ||   669
       Rpst.: Falchion   |       |       |       |     5 |       ||     5
